 Dungeon Crawl Stone Soup version 0.20-a0-350-ga83eecc (console) character file.

23 nht the Ruffian (level 2, 0/34 HPs)
             Began as a Draconian Transmuter on Dec 23, 2016.
             Slain by Sigmund
             ... wielding a +1 scythe of flaming
              (1 damage)
             ... on level 2 of the Dungeon.
             The game lasted 00:01:04 (691 turns).

nht the Ruffian (Draconian Transmuter)               Turns: 691, Time: 00:01:04

Health: 0/34       AC: 21    Str: 17    XL:     2   Next: 75%
Magic:  5/5        EV:  2    Int: 13    God:
Gold:   36         SH:  0    Dex: 11    Spells: 4/5 levels left

rFire  . . .     SeeInvis .       - Unarmed
rCold  . . .     Gourm    .     (armour unavailable)
rNeg   + + +     Faith    .     (no shield)
rPois  +         Spirit   .     (helmet currently unavailable)
rElec  .         Reflect  .     (cloak currently unavailable)
rCorr  +         Harm     .     (gloves currently unavailable)
MR     .....     NoTele   +     (boots currently unavailable)
Stlth  +.........               (no amulet)
                                (no ring)
                                h - ring of resist corrosion

@: mighty, tree-form
A: unfitting armour, (cold-blooded), AC +4
a: no special abilities


You were on level 2 of the Dungeon.
You were not hungry.
You were a tree.
You visited 1 branch of the dungeon, and saw 2 of its levels.

You collected 36 gold pieces.

Inventory:

Missiles
 a - 12 arrows
Jewellery
 h - a ring of resist corrosion (left branch)
Scrolls
 d - a scroll of teleportation {unknown}
 e - a scroll of identify {unknown}
 f - a scroll of magic mapping {unknown}
Books
 b - a book of Changes

   Spells                             Type                      Level
   a - Beastly Appendage              Transmutation                1
   b - Sticks to Snakes               Transmutation                2
   c - Spider Form                    Transmutation/Poison         3
   d - Ice Form                       Ice/Transmutation            4
   e - Blade Hands                    Transmutation                5
Comestibles
 c - a bread ration
 g - a chunk of flesh
 i - 2 meat rations


   Skills:
 - Level 1.1 Fighting
 - Level 1.7 Dodging
 + Level 4.0 Unarmed Combat
 - Level 2.0 Spellcasting
 - Level 2.0 Transmutations


You had 4 spell levels left.
You knew the following spells:

 Your Spells              Type           Power        Failure   Level  Hunger
a - Beastly Appendage     Tmut           #.....       12%         1    ##.....


Dungeon Overview and Level Annotations

Branches:
Dungeon (2/15)

Altars:

Annotations:
D:2 Sigmund


Innate Abilities, Weirdness & Mutations

((Your plain brown scales are hard. (AC +4)))
You cannot fit into any form of body armour.
((You are cold-blooded and may be slowed by cold attacks.))


Message History

You kill the jackal!
The bat hits you but does no damage.
The frilled lizard bites you but does no damage.
Something hits you. Something burns you.
* * * LOW HITPOINT WARNING * * *
Okay, then.
You completely miss the bat. The bat hits you but does no damage.
The bat hits you.
* * * LOW HITPOINT WARNING * * *
The frilled lizard bites you but does no damage.
The jackal bites you.
* * * LOW HITPOINT WARNING * * *
The jackal bites you.
* * * LOW HITPOINT WARNING * * *
It was a potion of might.
You feel very mighty all of a sudden. The bat completely misses you.
Something hits you.
* * * LOW HITPOINT WARNING * * *
Something burns you.
You die...

█.█..███?█....█
█......█....█
█...(..'.)..+
██....██....█
█.██.██....█
█.██.███'███
.███.?.r.{..█
.....███l████
█..rgb♣..█
█...Khh..█
█........█
..........█
..........█
..........█
..........█
..........█


You could see 2 jackals, a hobgoblin, a bat, a kobold, a frilled lizard and a
rat.

Vanquished Creatures
  2 dart slugs (D:1)
  A leopard gecko (D:1)
  5 bats (D:1)
  A giant cockroach (D:1)
  A goblin (D:1)
  3 hobgoblins (D:1)
  A jackal (D:2)
  A kobold (D:1)
  A frilled lizard (D:1)
  2 rats (D:1)
18 creatures vanquished.

Notes
Turn   | Place    | Note
-------+----------+-------------------------------------------
     0 | D:1      | nht the Draconian Transmuter began the quest for the Orb.
     0 | D:1      | Reached XP level 1. HP: 16/16 MP: 3/3
   180 | D:1      | Reached XP level 2. HP: 20/23 MP: 5/5
   614 | D:1      | Reached skill level 4 in Unarmed Combat
   673 | D:2      | Noticed Sigmund
   691 | D:2      | HP: 1/34 [something (4)]
   691 | D:2      | Slain by Sigmund

Vault maps used:
D:1:      enne_arrival_octagon_isle
D:2:      first_bread, uniq_jessica, uniq_sigmund

Skill      XL: |  1  2 |
---------------+-------+-----
Unarmed Combat | 4 |  4.0
Fighting       | |  1.1
Dodging        | |  1.7
Spellcasting   | |  2.0
Transmutations | |  2.0

Action                   || total
-------------------------++-------
Melee: Unarmed           ||    61
       Tailslap          ||     2
       Punch             ||     1
  Use: Potion            ||     2
 Stab: Sleeping          ||     1
Armor: Skin              ||    33
Dodge: Dodged            ||    52
